 Dungeon Crawl Stone Soup version 0.30.1-11-g7821555f0a (webtiles) character file.

Game seed: 13920059501944543874

190 lonewolfV2 the Conjurer (level 5, -1/31 HPs)
             Began as an Octopode Conjurer on Nov 2, 2023.
             Slain by a kobold
             ... wielding a +1 dagger of speed
              (2 damage)
             ... on level 4 of the Dungeon.
             The game lasted 00:08:00 (3998 turns).

lonewolfV2 the Conjurer (Octopode Conjurer)         Turns: 3998, Time: 00:08:00

Health: -1/31      AC:  1    Str:  6    XL:     5   Next: 69%
Magic:  11/11      EV: 13    Int: 23    God:
Gold:   196        SH:  0    Dex: 10    Spells: 5/12 levels left

rFire   . . .        j - +0 long sword
rCold   . . .        (no shield)
rNeg    . . .        (helmet restricted)
rPois   .            n - amulet of magic regeneration
rElec   .            f - ring of wizardry
rCorr   .            (no ring)
SInv    .            (no ring)
Will    .....        (no ring)
Stlth   +++          (no ring)
HPRegen 0.25/turn    (no ring)
MPRegen 0.52/turn    (no ring)
                     (no ring)

%: wizardry (x1)
@: very slightly contaminated
A: almost no armour, amphibious, 8 rings, camouflage 1, gelatinous body 1,
(nimble swimmer 1), tentacles
a: no special abilities


You were on level 4 of the Dungeon.
You visited 1 branch of the dungeon, and saw 4 of its levels.

You collected 196 gold pieces.

Inventory:

Hand Weapons
 j - a +0 long sword (weapon)
Jewellery
 f - a ring of wizardry (left tentacle)
 k - an amulet of the acrobat
 n - an amulet of magic regeneration (around mantle)
 o - a ring of fire
Wands
 i - a wand of iceblast (4)
Scrolls
 g - a scroll of amnesia
 l - a scroll of identify
Potions
 b - 2 potions of degeneration {unknown}
 c - 2 potions of resistance
 d - a potion of ambrosia {unknown}
 e - a potion of curing {unknown}
 h - a potion of heal wounds {unknown}
 m - 2 potions of brilliance
 p - 2 potions of might {unknown}


   Skills:
 - Level 2.2 Dodging
 - Level 3.2 Stealth
 * Level 4.2 Spellcasting
 + Level 5.0 Conjurations


You had 5 spell levels left.
You knew the following spells:

 Your Spells              Type           Power      Damage    Failure   Level
a - Magic Dart            Conj           100%       1d8       1%          1
b - Searing Ray           Conj           54%        2d6       1%          2
c - Iskenderun's Mystic   Conj/Tloc      16%        2d5       16%         4

Your spell library contained the following spells:

 Spells                   Type           Power      Damage    Failure   Level
 Apportation              Tloc           8%         N/A       4%          1
 Beastly Appendage        Tmut           8%         N/A       4%          1
 Dazzling Flash           Conj/Hex       32%        N/A       4%          3
 Cigotuvi's Dreadful Rot  Necr/Pois/Air  8%         N/A       6%          2
 Wereblood                Tmut           4%         N/A       6%          2
 Ignite Poison            Fire/Tmut/Pois 4%         N/A       12%         3
 Spider Form              Tmut/Pois      4%         N/A       12%         3
 Fulminant Prism          Conj/Hex       8%         3d6       16%         4
 Freezing Cloud           Conj/Ice/Air   6%         6-21      47%         5
 Alistair's Intoxication  Tmut/Pois      2%         N/A       71%         5


Dungeon Overview and Level Annotations

Branches:
Dungeon (4/15)
 Temple: D:4-7

Altars:

Shops:
D:4 [


Innate Abilities, Weirdness & Mutations

You cannot wear most types of armour.
You are amphibious.
You can wear up to eight rings at the same time.
Your skin changes colour to match your surroundings (Stealth+).
Your rubbery body absorbs attacks. (AC +1, EV +1)
((You are camouflaged when in or above water. (Stealth+)))
You have tentacles for arms and can constrict up to eight enemies at once.


Message History

Confirm with . or Enter, or press ? or * to list all spells.
The spell is extremely dangerous to miscast (16% risk of failure)!
Continue anyway?
You erupt in a blast of force!
The mystic blast hits the jelly!
The jelly is heavily wounded.
The jelly is knocked back by the mystic blast.
A goblin comes into view. It is wielding a +0 club.
Casting: Iskenderun's Mystic Blast (extremely dangerous; 16% risk of failure)
Confirm with . or Enter, or press ? or * to list all spells.
The spell is extremely dangerous to miscast (16% risk of failure)!
Continue anyway?
You miscast Iskenderun's Mystic Blast.
You are very lightly contaminated with residual magic.
Nothing appears to happen.
The jelly hits you.
You are splashed with acid!
Casting: Iskenderun's Mystic Blast (extremely dangerous; 16% risk of failure)
Confirm with . or Enter, or press ? or * to list all spells.
The spell is extremely dangerous to miscast (16% risk of failure)!
Continue anyway?
You miscast Iskenderun's Mystic Blast.
Nothing appears to happen.
The jelly hits you.
You are splashed with acid!
Casting: Iskenderun's Mystic Blast (extremely dangerous; 16% risk of failure)
Confirm with . or Enter, or press ? or * to list all spells.
Aiming: Magic Dart (safe; 1% risk of failure)
Press: ? - help, Shift-Dir - straight line, f - jelly
Aim: a jelly (heavily wounded, 100% to hit)
The magic dart hits the jelly!
The jelly is almost dead.
The jelly hits you.
You are splashed with acid!
* * * LOW HITPOINT WARNING * * *
The kobold barely misses you.
Casting: Magic Dart (safe; 1% risk of failure)
Confirm with . or Enter, or press ? or * to list all spells.
Aiming: Magic Dart (safe; 1% risk of failure)
Press: ? - help, Shift-Dir - straight line, f/p - jelly
Aim: a jelly (almost dead, 100% to hit)
The magic dart hits the jelly.
You kill the jelly!
The kobold hits you with a +1 dagger of speed.
* * * LOW HITPOINT WARNING * * *
Your Conjurations skill increases to level 5!
Magic courses through your body.
The kobold hits you with a +1 dagger of speed.
You die...

......... ........
#.#. ........ #. ...
.....# .##.. .... #
#.....## ####.#### ...
#... ..###.......#....
#.##.#.#.....K##......
#
#.##.#.#.#.##.@.g.....
#
#.##.....#.##.........
#
#.####.###.#####.#....
###.####.#
#.##.........
.........# #...... ###
# ###.#.#### ###...#
###.#.# #...# ##..#.#
#...# ##.##.# #...#
###


You could see a goblin and a kobold.

Vanquished Creatures
  An orc priest (D:3)
  2 jellies (D:4)
  3 adders
  A worm (D:2)
  2 dart slugs
  9 orcs
  9 bats
  3 endoplasms
  3 giant cockroaches
  4 hobgoblins
  3 jackals (D:1)
  2 quokkas
  3 ball pythons
  2 frilled lizards
  6 goblins
  4 kobolds
  2 rats
59 creatures vanquished.

Notes
Turn   | Place    | Note
-------+----------+-------------------------------------------
     0 | D:1      | lonewolfV2 the Octopode Conjurer began the quest for the
                  | Orb.
     0 | D:1      | Reached XP level 1. HP: 11/11 MP: 3/3
   312 | D:1      | Reached XP level 2. HP: 17/17 MP: 1/5
   395 | D:1      | Found a faded altar of an unknown god.
  1254 | D:1      | Reached XP level 3. HP: 21/21 MP: 2/6
  1257 | D:1      | Learned a level 2 spell: Searing Ray
  2575 | D:3      | Reached XP level 4. HP: 27/27 MP: 0/8
  3257 | D:3      | Reached XP level 5. HP: 31/31 MP: 2/10
  3559 | D:3      | Learned a level 4 spell: Iskenderun's Mystic Blast
  3711 | D:4      | Found Kurphar's Antique Armour Boutique.
  3997 | D:4      | HP: 1/31 [kobold/+1 dagger of speed (2)]
  3998 | D:4      | Reached skill level 5 in Conjurations
  3998 | D:4      | Slain by a kobold

Illustrated notes

Levels and vault maps discovered:
D:1:      co_arrival_square_in_a_square_in_a_square, layout_basic,
          chequers_ecumenical_altar_simple, hex_intersection
D:2:      layout_basic
D:3:      layout_basic, small_statue_intersection
D:4:      layout_loops_cross, serial_shops, shop, ebering_ghost_rock_garden,
          minmay_misc_feat_doors

Skill      XL: |  1  2  3  4  5 |
---------------+----------------+-----
Stealth        | 3 |  3.2
Spellcasting   | 3 4 |  4.2
Conjurations   | 5 |  5.0
Dodging        | |  2.2

Action                     |  1- 3 |  4- 6 || total
---------------------------+-------+-------++-------
  Melee: Unarmed           |     1 |     3 ||     4
         Constrict         |     1 |     2 ||     3
         Tentacles         |     1 |       ||     1
         Long sword        |       |     7 ||     7
   Cast: Magic Dart        |    85 |    41 ||   126
         Searing Ray       |     5 |     1 ||     6
         Iskenderun's Myst |       |     1 ||     1
    Use: Scroll            |     2 |     3 ||     5
         Potion            |       |     1 ||     1
 Armour: Skin              |     9 |     3 ||    12
  Dodge: Dodged            |    76 |    19 ||    95
